 Dungeon Crawl Stone Soup version 0.21.1-1-g345015f (webtiles) character file.

130 warwik96 the Covered (level 5, -1/43 HPs)
             Began as a Barachi Fighter on Mar 13, 2018.
             Killed from afar by Ijyb (11 damage)
             ... with a wand of acid (9)
             ... on level 3 of the Dungeon.
             The game lasted 00:13:17 (2982 turns).

warwik96 the Covered (Barachi Fighter)              Turns: 2982, Time: 00:13:18

Health: -1/43      AC:  8    Str: 24    XL:     5   Next: 13%
Magic:  5/5        EV:  8    Int:  8    God:
Gold:   110        SH: 10    Dex: 11    Spells: 4/4 levels left

rFire    + . .     SeeInvis .   a - +0 long sword
rCold    . . .     Gourm    .   c - +0 shield
rNeg     . . .     Faith    .   b - +0 scale mail
rPois    .         Spirit   .   t - +0 helmet (curse)
rElec    .         Reflect  .   (no cloak)
rCorr    .         Harm     .   (no gloves)
MR       .....                  (no boots)
Stlth    ..........             l - amulet of magic regeneration
HPRegen  0.14/turn              m - ring of protection from fire
MPRegen  0.34/turn              (no ring)

@: mighty, slow
A: +LOS, swims, slowness 1, strong legs 1
a: Hop


You were on level 3 of the Dungeon.
You were not hungry.

You visited 1 branch of the dungeon, and saw 3 of its levels.

You collected 110 gold pieces.

Inventory:

Hand Weapons
 a - a +0 long sword (weapon)
Armour
 b - a +0 scale mail (worn)
 c - a +0 shield (worn)
 t - a cursed +0 helmet (worn)
Jewellery
 l - an amulet of magic regeneration (around neck)
 m - a ring of protection from fire (left hand)
Scrolls
 e - a scroll of amnesia {unknown}
 h - 5 scrolls of remove curse
 n - a scroll of magic mapping
 o - a scroll of enchant armour
 p - a scroll of teleportation
 r - a scroll of fear
 s - a scroll of enchant weapon {unknown}
Potions
 i - 2 potions of heal wounds
 j - a potion of magic {unknown}
 k - 2 potions of ambrosia {unknown}
 q - a potion of curing {unknown}
Comestibles
 f - 3 rations


   Skills:
 + Level 4.3 Fighting
 + Level 3.7 Long Blades
 + Level 4.4 Armour
 + Level 1.5 Dodging
 + Level 4.2 Shields


You had 4 spell levels left.
You didn't know any spells.

Dungeon Overview and Level Annotations

Branches:
Dungeon (3/15)

Altars:

Annotations:
D:3 Ijyb


Innate Abilities, Weirdness & Mutations

Shadows flee at your approach. (+LOS)
You can swim through water.
You cover ground slowly.
You can hop short distances.


Message History

You kill the bat!
Ijyb the Twisted Goblin comes into view.
She is wielding a club.
Ijyb zaps a wand.
The bolt of acid hits you!
You are splashed with acid!
The acid burns!
* * * LOW HITPOINT WARNING * * *
It is a wand of acid (9).
You feel very mighty all of a sudden. You block Ijyb's attack.
You slash Ijyb!
Ijyb is heavily wounded.
Ijyb barely misses you.
You riposte.
You barely miss Ijyb.
Ijyb is heavily wounded.
You barely miss Ijyb.
Ijyb is heavily wounded.
Ijyb barely misses you.
You riposte.
You closely miss Ijyb.
Ijyb is heavily wounded.
You slash Ijyb!
Ijyb is almost dead.
Ijyb zaps a wand.
The bolt of acid hits you!
You die...

### ###
##..#.....
#.g.......
#@#
########
#.#
#.....!..#
#......##
#.#
#........#
........##
#.#
#........
.........#
#.#
#s......
.........#
##.#
#......
.........#
#..# .(...
.........#
#.## ...
.........#
#.# ##.#


You could see Ijyb.

Vanquished Creatures
  5 adders
  An ooze (D:3)
  5 leopard geckos
  An orc (D:3)
  2 ball pythons (D:2)
  12 bats
  4 giant cockroaches
  11 goblins
  7 hobgoblins
  A quokka (D:2)
  5 frilled lizards
  8 kobolds
  14 rats
76 creatures vanquished.

Notes
Turn   | Place    | Note
-------+----------+-------------------------------------------
     0 | D:1      | warwik96 the Barachi Fighter began the quest for the Orb.
     0 | D:1      | Reached XP level 1. HP: 18/18 MP: 1/1
   270 | D:1      | Reached XP level 2. HP: 25/25 MP: 2/2
  1074 | D:2      | Reached XP level 3. HP: 30/30 MP: 3/3
  1406 | D:1      | Reached XP level 4. HP: 30/37 MP: 4/4
  1786 | D:2      | Reached skill level 1 in Dodging
  2563 | D:3      | Reached XP level 5. HP: 19/43 MP: 5/5
  2978 | D:3      | Noticed Ijyb
  2982 | D:3      | Killed from afar by Ijyb

Skill      XL: |  1  2  3  4 |
---------------+-------------+-----
Long Blades    | 3 |  3.7
Armour         | 4 |  4.4
Fighting       | 4 |  4.3
Shields        | 4 |  4.2
Dodging        | 1 |  1.5

Action                   |  1- 3 |  4- 6 || total
-------------------------+-------+-------++-------
Melee: Long sword        |   101 |   170 ||   271
 Abil: Hop               |     1 |       ||     1
  Use: Potion            |     1 |     1 ||     2
       Scroll            |       |     5 ||     5
  Eat: Chunk             |     2 |     4 ||     6
       Ration            |       |     1 ||     1
Armor: Scale mail        |    40 |    88 ||   128
Dodge: Dodged            |    30 |    63 ||    93
Block: Shield            |    60 |   112 ||   172
       Rpst.: Long sword |     7 |    22 ||    29
